 Dungeon Crawl Stone Soup version 0.29.1-13-g9f3cf754e1 (webtiles) character file.

Game seed: 9991698067216021941

1361 croobank the Conjurer (level 8, -9/63 HPs)
             Began as a Demigod Conjurer on Jan 24, 2023.
             Mangled by a gargoyle
             ... wielding a +0 flail
              (21 damage)
             ... on level 5 of the Dungeon.
             The game lasted 00:23:11 (8321 turns).

croobank the Conjurer (Demigod Conjurer)            Turns: 8321, Time: 00:23:11

Health: -9/63      AC:  3    Str:  8    XL:     8   Next: 15%
Magic:  1/17       EV: 13    Int: 28    God:
Gold:   277        SH:  0    Dex: 12    Spells: 5/14 levels left

rFire   . . .      SeeInvis .   t - +4 dagger (speed)
rCold   . . .      Faith    .   (no shield)
rNeg    . . .      Spirit   .   a - +1 robe
rPois   .          Reflect  .   (no helmet)
rElec   .          Harm     .   (no cloak)
rCorr   .          Rampage  .   (no gloves)
Will    .....                   (no boots)
Stlth   +++.......              (no amulet)
HPRegen 0.20/turn               (no ring)
MPRegen 0.15/turn               (no ring)

@: no status effects
A: high MP 1, forlorn, divine attributes
a: no special abilities


You were on level 5 of the Dungeon.
You visited 1 branch of the dungeon, and saw 5 of its levels.

You collected 277 gold pieces.

Inventory:

Hand Weapons
 c - a +0 dagger
 j - a +1 short sword of venom
 t - a +4 dagger of speed (weapon)
Missiles
 p - 2 curare-tipped darts (quivered)
Armour
 a - a +1 robe (worn)
Magical Staves
 f - a staff of earth
 n - a staff of poison
Wands
 o - a wand of roots (8)
Scrolls
 d - 2 scrolls of teleportation
 h - a scroll of poison
 l - a scroll of amnesia
Potions
 b - a potion of magic
 e - 2 potions of lignification {unknown}
 g - a potion of curing
 i - a potion of resistance {unknown}
 k - a potion of attraction
 m - a potion of brilliance {unknown}
 q - a potion of mutation {unknown}
 r - a potion of flight {unknown}
 s - a potion of heal wounds {unknown}


   Skills:
 + Level 3.4 Fighting
 + Level 4.1 Dodging
 + Level 4.5 Stealth
 + Level 3.9 Spellcasting
 + Level 5.3 Conjurations
 + Level 3.4 Hexes


You had 5 spell levels left.
You knew the following spells:

 Your Spells              Type           Power      Damage    Failure   Level
a - Magic Dart            Conj           100%       1d8       1%          1
b - Searing Ray           Conj           70%        2d7       1%          2
c - Dazzling Flash        Conj/Hex       60%        N/A       3%          3
d - Tukima's Dance        Hex            24%        N/A       5%          3

Your spell library contained the following spells:

 Spells                   Type           Power      Damage    Failure   Level
 Beastly Appendage        Tmut           10%        N/A       8%          1
 Freeze                   Ice            20%        1d4       8%          1
 Portal Projectile        Hex/Tloc       30%        N/A       11%         3
 Wereblood                Tmut           5%         N/A       12%         2
 Fulminant Prism          Conj/Hex       15%        3d11      12%         4
 Frozen Ramparts          Ice            10%        1d2       22%         3
 Spider Form              Tmut/Pois      5%         N/A       22%         3
 Hailstorm                Conj/Ice       20%        3d6       26%         4
 Iskenderun's Mystic Bla  Conj/Tloc      20%        2d6       26%         4
 Blade Hands              Tmut           2%         N/A       91%         5


Dungeon Overview and Level Annotations

Branches:
Dungeon (5/15)
 Temple: D:4-7

Annotations:
D:3 2 transporters, Taurus's ghost, weakling FeSu
D:5 Ijyb


Innate Abilities, Weirdness & Mutations

You have an increased reservoir of magic. (+10% MP)
You shall have no god before yourself.
Your divine heritage dramatically boosts your attributes as you level up.


Message History

The gargoyle resists with some effort.
Casting: Tukima's Dance (dangerous; 5% risk of failure)
Confirm with . or Enter, or press ? or * to list all spells.
Aiming: Tukima's Dance (dangerous; 5% risk of failure)
Press: ? - help, Shift-Dir - straight line, f/p - gargoyle
Aim: a gargoyle, wielding a +0 flail (chance to affect: 37%)
The gargoyle resists with some effort.
Casting: Tukima's Dance (dangerous; 5% risk of failure)
Confirm with . or Enter, or press ? or * to list all spells.
Aiming: Searing Ray (safe; 1% risk of failure)
Press: ? - help, Shift-Dir - straight line, f/p - gargoyle
Aim: a gargoyle, wielding a +0 flail (91% to hit)
The searing ray hits the gargoyle but does no damage. (Press . to maintain the ray.)
The gargoyle hurls a stone arrow at you.
The stone arrow misses you.
The searing ray hits the gargoyle but does no damage.
The searing ray hits the gargoyle.
The gargoyle is lightly damaged.
The searing ray hits the gargoyle.
The gargoyle is lightly damaged.
You finish channelling your searing ray.
The gargoyle hurls a stone arrow at you.
The stone arrow hits you!!
Casting: Searing Ray (safe; 1% risk of failure)
Confirm with . or Enter, or press ? or * to list all spells.
You don't have enough magic to cast this spell.
The gargoyle hurls a stone arrow at you.
The stone arrow hits you!!
* * * LOW HITPOINT WARNING * * *
Okay, then.
Okay, then.
Throw: 3 darts (curare)
Press: ? - help, Q - select action, (/) - cycle Shift-Dir - straight line, f/p - gargoyle
Aim: a gargoyle, wielding a +0 flail (lightly damaged, 73% to hit)
You throw a curare-tipped dart.
The curare-tipped dart hits the gargoyle.
The gargoyle is lightly damaged.
The gargoyle hits you with a +0 flail!!
You die...

####.)...... ...~~~......# .
# #............≈~~~.....#..
..#..........~~~~.......#
...##...........~........#
......(.....>......<.......
............................
........................###.
..#............#..........
..........#@9.........#
....#........#.#.##...#
.............#.#.# ....
.................# .#.
.......<.........#
..........?.......
..##.............#
#.##.....####.# #.. ......#
.#


You could see a gargoyle.

Vanquished Creatures
  Sigmund (D:3)
  An ogre (D:4)
  A phantom (D:4)
  3 scorpions (D:4)
  A water moccasin zombie (D:5)
  A wyvern zombie (D:5)
  2 water moccasin skeletons (D:5)
  3 bullfrog zombies (D:5)
  A centaur skeleton (D:5)
  An orc priest (D:5)
  2 hounds
  2 jellies (D:5)
  2 bullfrog skeletons (D:5)
  4 orc wizards
  A hound zombie (D:5)
  A howler monkey zombie (D:5)
  7 adders
  An ufetubus (D:4)
  3 adder zombies (D:5)
  A worm (D:4)
  4 dart slugs
  14 orcs
  11 ball pythons
  13 endoplasms
  2 giant cockroaches
  11 goblins
  7 hobgoblins
  4 jackals (D:2)
  3 kobolds
  4 quokkas
  6 bats
  4 frilled lizards
  3 rats
  A spectral kobold (D:3)
126 creatures vanquished.

Vanquished Creatures (others)
  7 withered plants (D:5)
7 creatures vanquished.

Grand Total: 133 creatures vanquished

Notes
Turn   | Place    | Note
-------+----------+-------------------------------------------
     0 | D:1      | croobank the Demigod Conjurer began the quest for the Orb.
     0 | D:1      | Reached XP level 1. HP: 14/14 MP: 5/5
   237 | D:1      | Reached XP level 2. HP: 9/20 MP: 4/7
   240 | D:1      | Learned a level 2 spell: Searing Ray
  1191 | D:1      | Reached XP level 3. HP: 16/27 MP: 1/8
  1316 | D:1      | Learned a level 3 spell: Dazzling Flash
  2241 | D:2      | Reached skill level 4 in Conjurations
  2524 | D:3      | Reached skill level 1 in Fighting
  2580 | D:3      | Found a transporter.
  2665 | D:3      | Noticed Sigmund
  2673 | D:3      | Reached XP level 4. HP: 25/35 MP: 10/10
  2998 | D:4      | Reached skill level 1 in Hexes
  3005 | D:4      | Reached XP level 5. HP: 40/40 MP: 2/11
  3926 | D:5      | Entered Level 5 of the Dungeon
  4317 | D:5      | Noticed Ijyb
  4440 | D:5      | Noticed an ogre
  4632 | D:4      | Reached XP level 6. HP: 28/48 MP: 4/13
  5169 | D:4      | HP: 2/50 [poisoned by a scorpion]
  5506 | D:5      | Reached XP level 7. HP: 47/56 MP: 0/15
  6780 | D:3      | Killed Sigmund
  6781 | D:3      | Reached skill level 5 in Conjurations
  6864 | D:3      | Found a transporter.
  6866 | D:3      | Noticed Taurus's ghost (weakling FeSu)
  6992 | D:3      | Identified the +5 spear "Xanad" {vorpal, rC+}
  7993 | D:5      | Reached XP level 8. HP: 49/63 MP: 6/17
  8012 | D:5      | Noticed a gargoyle
  8306 | D:4      | Learned a level 3 spell: Tukima's Dance
  8321 | D:5      | Mangled by a gargoyle

Illustrated notes

Levels and vault maps discovered:
D:1:      dpeg_arrival_snail, layout_basic, minivault_25
D:2:      layout_rooms
D:3:      layout_basic, gammafunk_ghost_mausoleum,
          dreamdust_ecumenical_altar_drowned_temple, uniq_sigmund
D:4:      layout_loops_cross
D:5:      layout_cave_pools, serial_undead, serial_undead_e, serial_undead_c,
          serial_undead_e, serial_undead_f, serial_undead_f, serial_undead_a,
          st_stairs_2, minmay_misc_feat_chi, uniq_ijyb, uniq_duvessa

Skill      XL: |  1  2  3  4  5  6  7  8 |
---------------+-------------------------+-----
Stealth        | 2 3 4 |  4.5
Dodging        | 2 3 4 |  4.1
Spellcasting   | 2 3 |  3.9
Conjurations   | 4 5 |  5.3
Fighting       | 1 2 3 |  3.4
Hexes          | 1 2 3 |  3.4

Action                   |  1- 3 |  4- 6 |  7- 9 || total
-------------------------+-------+-------+-------++-------
Melee: Dagger            |    24 |     6 |     2 ||    32
       Short sword       |       |     5 |     8 ||    13
Throw: Dart              |       |       |     1 ||     1
 Cast: Magic Dart        |    30 |    15 |    26 ||    71
       Searing Ray       |    28 |    40 |    33 ||   101
       Dazzling Flash    |       |       |     3 ||     3
       Tukima's Dance    |       |       |     4 ||     4
Evoke: Wand              |       |       |     1 ||     1
  Use: Scroll            |     2 |     9 |       ||    11
       Potion            |       |     1 |       ||     1
 Stab: Sleeping          |     6 |     3 |     1 ||    10
Armor: Robe              |     3 |    14 |    11 ||    28
Dodge: Dodged            |    16 |    46 |    58 ||   120
